 Dungeon Crawl Stone Soup version 0.31-a0-1204-ge2c1a860ed (webtiles) character file.

Game seed: 15152439143874448557

583 Anonymone the Stinger (level 7, 0/69 HPs)
             Began as a Demonspawn Venom Mage on Dec 12, 2023.
             Was an Initiate of Vehumet.
             Slain by Edmund
             ... wielding a +3 dire flail of holy wrath
              (2 damage)
             ... on level 4 of the Dungeon.
             The game lasted 00:12:02 (4972 turns).

Anonymone the Stinger (Demonspawn Venom Mage)       Turns: 4972, Time: 00:12:04

Health: 0/69       AC: 27    Str: 14    XL:     7   Next: 14%
Magic:  1/12       EV:  2    Int: 18    God:    Vehumet [......]
Gold:   256        SH:  0    Dex: 13    Spells: 3/13 levels left

rFire   . . .        m - +1 dagger (elec)
rCold   . . .        (no shield)
rNeg    . . .        h - melded +3 leather armour
rPois   +            (helmet currently unavailable)
rElec   .            v - melded +0 cloak
rCorr   .            r - melded +0 pair of gloves
SInv    .            (boots currently unavailable)
Will    .....        (no amulet)
Stlth   +            g - +4 ring of protection
HPRegen 0.31/turn    k - +6 ring of strength
MPRegen 0.26/turn

%: no passive effects
@: tree-form (expiring), silenced, very slightly contaminated
A: stationary, stasis, torment immunity, boosted hp, (hooves 1), magic
regeneration, demonic magic 1
a: Renounce Religion


You were on level 4 of the Dungeon.
You worshipped Vehumet.
Vehumet was noncommittal.
You were a tree.
You visited 2 branches of the dungeon, and saw 6 of its levels.

You collected 256 gold pieces.

Inventory:

Hand Weapons
 m - a +1 dagger of electrocution (weapon)
Armour
 a - a +0 robe
 d - a +1 pair of boots
 e - a +0 ring mail
 h - a +3 leather armour (melded)
 r - a +0 pair of gloves (melded)
 v - a +0 cloak (melded)
Jewellery
 g - a +4 ring of protection (left branch)
 k - a +6 ring of strength (right branch)
Wands
 o - a wand of flame (29)
Scrolls
 c - 2 scrolls of enchant weapon
 f - a scroll of identify
 i - a scroll of teleportation
 p - a scroll of poison
 q - a scroll of immolation
 s - a scroll of vulnerability
 t - a scroll of fog
Potions
 l - 4 potions of curing


   Skills:
 - Level 1.3 Armour
 - Level 1.8 Dodging
 - Level 1.8 Stealth
 - Level 3.5 Spellcasting
 - Level 0.9 Transmutations
 - Level 4.2 Air Magic
 * Level 5.3 Poison Magic


You had 3 spell levels left.
You knew the following spells:

 Your Spells              Type           Power      Damage    Failure   Level
a - Sting                 Tmut/Pois      56%        1d5       4%          1
b - Poisonous Vapours     Pois/Air       40%        N/A       3%          2
c - Mephitic Cloud        Conj/Pois/Air  14%        N/A       12%         3
d - Olgreb's Toxic Radia  Pois           22%        N/A       17%         4

Your spell library contained the following spells:

 Spells                   Type           Power      Damage    Failure   Level
 Wereblood                Tmut           6%         N/A       16%         2
 Sublimation of Blood     Necr           3%         N/A       24%         2
 Summon Hydra             Summ           1%         N/A       100%        7


Dungeon Overview and Level Annotations

Branches:
Dungeon (5/15)             Temple (1/1) D:4

Altars:
Ashenzari
Cheibriados
Dithmenos
Fedhas
Gozag
Hepliaklqana
Nemelex Xobeh
Sif Muna
Trog
Uskayaw
Vehumet
Wu Jian
Xom
Yredelemnul

Annotations:
D:4 Edmund


Innate Abilities, Weirdness & Mutations

You are a tree.
Your roots penetrate the ground, keeping you stationary.
You cannot be teleported.
You are immune to unholy pain and torment.
Your maximum health is greatly increased.
Your equipment is partially melded.
((You have large cloven feet.))
You regenerate magic rapidly.
Spells you cast may paralyse adjacent enemies.


Message History

Your transformation is almost over.
Edmund hits you but does no damage.
You hit Edmund but do no damage.
Edmund is moderately wounded.
Edmund shakes.
Edmund hits you but does no damage.
You completely miss Edmund.
Edmund is moderately wounded.
Casting: Poisonous Vapours (safe; 3% risk of failure)
Confirm with . or Enter, or press ? or * to list all spells.
Aiming: Poisonous Vapours (safe; 3% risk of failure)
Press: ? - help, Dir - move target, f/p - Edmund
Aim: Edmund, wielding a +3 dire flail of holy wrath and wearing a +0 scale mail (moderately wounded, confused, very poisoned) Poisonous vapours surround Edmund!
Edmund looks as sick as possible!
Malevolent energies surge around you.
Unknown command.
Casting: Poisonous Vapours (safe; 3% risk of failure)
Confirm with . or Enter, or press ? or * to list all spells.
You don't have enough magic to cast this spell.
You are too injured to fight recklessly!
You hit Edmund but do no damage.
Edmund is heavily wounded.
Edmund hits you with a +3 dire flail of holy wrath.
* * * LOW HITPOINT WARNING * * *
You convulse.
* * * LOW HITPOINT WARNING * * *
You hit Edmund but do no damage. Lightning courses through Edmund!
Edmund is severely wounded.
Edmund hits you with a +3 dire flail of holy wrath.
* * * LOW HITPOINT WARNING * * *
You convulse.
* * * LOW HITPOINT WARNING * * *
You cannot move.
As you read the scroll labelled FESIBY UFOJE, it crumbles to dust.
A profound silence engulfs you.
It was a scroll of silence.
Edmund gestures wildly.
Edmund hits you with a +3 dire flail of holy wrath.
* * * LOW HITPOINT WARNING * * *
You convulse.
You die...

......#.#.####..####.#......#....
####.................#######.####
.....##.######......#### #†####
#######.# ##........# ♣..♣.#
#...# #..##.##.# ♣♣.♣..♣ #.###
#..##.##.##♣♣.♣.♣.♣ #.#
#..........♣.♣♣♣.♣. #.#
##.#####.#..♣♣...♣♣ #.####
#♣#####<#...♣._.♣. #....#
#.@.....#♣.♣♣...♣♣ ####.#
#########.♣.♣.♣♣♣. #.# ##♣♣.♣....
#)# #.♣.♣..♣ #.# #..♣♣♣♣# #.#
#..###.# #.# ##.....# #.# #######


You could see Edmund (confused, very poisoned).

Vanquished Creatures
  2 scorpions (D:4)
  A water moccasin zombie (D:4)
  A hound (D:4)
  An orc priest (D:4)
  3 iguanas (D:4)
  2 scorpion zombies (D:4)
  An orc wizard (D:4)
  Ijyb (D:3)
  Robin (D:4)
  A gnoll (D:1)
  4 adders
  An adder zombie (D:4)
  3 worms
  2 dart slugs
  7 orcs
  7 bats
  2 endoplasms
  5 giant cockroaches
  17 goblins
  11 hobgoblins
  4 jackals
  8 kobolds
  5 quokkas
  6 ball pythons
  2 frilled lizards
  3 rats
101 creatures vanquished.

Notes
Turn   | Place    | Note
-------+----------+-------------------------------------------
     0 | D:1      | Anonymone the Demonspawn Venom Mage began the quest for the
                  | Orb.
     0 | D:1      | Reached XP level 1. HP: 13/13 MP: 3/3
   221 | D:2      | Gained mutation: Spells you cast may paralyse adjacent
                  | enemies. [demonic ancestry]
   221 | D:2      | Reached XP level 2. HP: 11/19 MP: 0/5
   570 | D:1      | Learned a level 2 spell: Poisonous Vapours
   958 | D:1      | Reached skill level 1 in Air Magic
   958 | D:1      | Gained mutation: You have large cloven feet. [demonic
                  | ancestry]
   958 | D:1      | Reached XP level 3. HP: 19/24 MP: 1/6
  1739 | D:2      | Learned a level 3 spell: Mephitic Cloud
  1831 | D:2      | Found a shimmering altar of Xom.
  1946 | D:2      | Gained mutation: You regenerate magic rapidly. [demonic
                  | ancestry]
  1946 | D:2      | Reached XP level 4. HP: 26/30 MP: 0/7
  2980 | D:3      | Noticed Ijyb
  3416 | D:3      | Killed Ijyb
  3417 | D:3      | Reached XP level 5. HP: 35/35 MP: 0/8
  3771 | D:4      | Noticed Robin
  3814 | D:4      | Reached skill level 4 in Poison Magic
  3926 | D:4      | Reached skill level 1 in Armour
  3926 | D:4      | Reached XP level 6. HP: 41/41 MP: 8/10
  3940 | D:4      | Found a basalt altar of Yredelemnul.
  3990 | D:4      | Learned a level 4 spell: Olgreb's Toxic Radiance
  4150 | D:4      | Found a shimmering blue altar of Sif Muna.
  4541 | D:4      | Killed Robin
  4631 | D:4      | Found a staircase to the Ecumenical Temple.
  4638 | D:4      | Reached skill level 5 in Poison Magic
  4638 | D:4      | Reached XP level 7. HP: 40/46 MP: 6/12
  4706 | Temple   | Entered the Ecumenical Temple
  4711 | Temple   | Became a worshipper of Vehumet
  4727 | D:4      | Found an opulent altar of Gozag.
  4926 | D:5      | Entered Level 5 of the Dungeon
  4935 | D:5      | Noticed a wyvern
  4940 | D:5      | Noticed Edmund
  4971 | D:4      | HP: 3/69 [Edmund/+3 dire flail of holy wrath (6)]
  4972 | D:4      | Slain by Edmund

Illustrated notes

Levels and vault maps discovered:
D:1:      minmay_arrival_four_houses, layout_loops_corners, due_unseen_surprise
D:2:      layout_basic, basic_altar
D:3:      layout_rooms, chequers_arboretum, minmay_vboxes, uniq_ijyb
D:4:      layout_loops_ring, nicolae_yredelemnul_corpse_copse,
          nicolae_gozag_seed_capital, kennysheep_orc_sif_temple,
          minmay_temple_entry_proselytizer, uniq_robin
D:5:      layout_rooms, minmay_overflow_temple_star_hex, nicolae_elemental_shop,
          uniq_duvessa, uniq_edmund
Temple:   hellmonk_temple_micro_hex

Skill      XL: |  1  2  3  4  5  6 |
---------------+-------------------+-----
Air Magic      | 1 2 3 4 |  4.2
Poison Magic   | 4 5 |  5.3
Spellcasting   | 3 |  3.5
Armour         | 1 |  1.3
Dodging        | |  1.8
Stealth        | |  1.8
Transmutations | |  0.9

Action                     |  1- 3 |  4- 6 |  7- 9 || total
---------------------------+-------+-------+-------++-------
  Melee: Unarmed           |    33 |       |       ||    33
         Kick              |     5 |    26 |       ||    31
         Dagger            |     2 |    94 |     7 ||   103
         Punch             |     1 |       |       ||     1
   Cast: Sting             |    78 |   116 |     4 ||   198
         Poisonous Vapours |     2 |    14 |     7 ||    23
         Mephitic Cloud    |       |     3 |     2 ||     5
    Use: Scroll            |       |    11 |     1 ||    12
         Potion            |       |     4 |     4 ||     8
   Stab: Paralysed         |     4 |    19 |     1 ||    24
         Confused          |       |     1 |     1 ||     2
 Armour: Robe              |    25 |    22 |       ||    47
         Leather armour    |       |    27 |     5 ||    32
         Skin              |       |       |    12 ||    12
  Dodge: Dodged            |    44 |    49 |     2 ||    95

Table legend: (Time is in decaauts)
 A = Elapsed time spent in this place.
 B = Non-inter-level travel time spent in this place.
 C = Inter-level travel time spent in this place.
 D = Time resting spent in this place.
 E = Time spent auto-exploring this place.
 F = Levels seen in this place.
 G = Mean time per level.
                   A        B        C        D        E       F      G
               +--------+--------+--------+--------+--------+-----+--------+
         Total |   4977 |   4637 |    340 |    418 |   3380 |   6 |  829.5 |
       Dungeon |   4967 |   4635 |    332 |    418 |   3380 |   5 |  993.4 |
        Temple |     10 |      2 |      8 |      0 |      0 |   1 |   10.0 |
               +--------+--------+--------+--------+--------+-----+--------+

Top non-repeatable levels by time:
     D:1: 1466 daAuts
     D:2: 1198 daAuts
     D:3: 1138 daAuts
     D:4: 1137 daAuts
     D:5: 26 daAuts
  Temple: 10 daAuts
